SAAA
PHOENIX HOTSPUR RESERVES @ PENNSAUKEN FLYERS
08/15/2027
 
TOP OF THE 1ST
Phoenix Hotspur Reserves batting - Pitching for Pennsauken Flyers : RHP Alejandro Arteaga
Pitching: RHP Alejandro Arteaga
Batting: RHB Wilson Castillo 0-0: Swinging Strike
0-1: Ball
1-1: Foul Ball, location: 2F
1-2: Foul Ball, location: 2F
1-2: Ball
2-2: Ball
3-2: Strikes out swinging passed ball, reaches first!
Batting: RHB Satoshi Terada 0-0: Ball
1-0: SINGLE (Groundball, 56D)
Wilson Castillo to second
Batting: RHB Jesús Mejía 0-0: Called Strike
Wilson Castillo is caught stealing 3rd base
Satoshi Terada to second
0-1: Called Strike
0-2: Strikes out looking
Batting: RHB Martín Martínez 0-0: Ball
1-0: Swinging Strike
1-1: Foul Ball, location: 2F
1-2: Ground out 6-3 (Groundball, 6)
Top of the 1st over - 0 run(s), 1 hit(s), 0 error(s), 1 left on base; Phoenix 0 - Pennsauken 0
BOTTOM OF THE 1ST
Pennsauken Flyers batting - Pitching for Phoenix Hotspur Reserves : RHP Dylan Guérin
Pitching: RHP Dylan Guérin
Batting: LHB Vinski Prifti 0-0: Ball
1-0: Ground out 3-1 (Groundball, 34)
Batting: SHB Nuygen Vuong 0-0: Called Strike
0-1: Ball
1-1: Fly out, F8 (Flyball, 8RS)
Batting: RHB José Rodríguez 0-0: Called Strike
0-1: Foul Ball, location: 2F
0-2: Ball
1-2: Ball
2-2: SINGLE (Line Drive, 7S)
Batting: RHB Byron Isaacson 0-0: Called Strike
0-1: Foul Ball, location: 2F
0-2: Ball
1-2: Foul Ball, location: 2F
1-2: Ball
2-2: Fly out, F9 (Flyball, 89M)
Bottom of the 1st over - 0 run(s), 1 hit(s), 0 error(s), 1 left on base; Phoenix 0 - Pennsauken 0
TOP OF THE 2ND
Phoenix Hotspur Reserves batting - Pitching for Pennsauken Flyers : RHP Alejandro Arteaga
Batting: RHB Júlio Mateo 0-0: Called Strike
0-1: Ball
1-1: Foul Ball, location: 2F
1-2: Strikes out swinging
Batting: RHB Billy Strauss 0-0: Called Strike
0-1: Foul Ball, location: 2F
0-2: Ball
1-2: Foul Ball, location: 2F
1-2: Ball
2-2: Ball
3-2: Foul Ball, location: 2F
3-2: Strikes out swinging
Batting: RHB Jesús Álvarez 0-0: Ball
1-0: Fly out, F8 (Line Drive, 78M)
Top of the 2nd over - 0 run(s), 0 hit(s), 0 error(s), 0 left on base; Phoenix 0 - Pennsauken 0
BOTTOM OF THE 2ND
Pennsauken Flyers batting - Pitching for Phoenix Hotspur Reserves : RHP Dylan Guérin
Batting: RHB Dave Stockman 0-0: Ground out 1-3 (Groundball, 13S)
Batting: SHB Bob Lambert 0-0: Ball
1-0: Foul Ball, location: 2F
1-1: Called Strike
1-2: Ball
2-2: Ball
3-2: Base on Balls
Batting: LHB Tim Hargrove 0-0: Ball
1-0: Swinging Strike
1-1: Called Strike
1-2: Ball
2-2: Foul Ball, location: 2F
2-2: Foul Ball, location: 2F
2-2: Fly out, F8 (Line Drive, 8LXD)
Batting: RHB Abdul-Fattah bin Najjar 0-0: Called Strike
0-1: Ball
1-1: Swinging Strike
1-2: Foul Ball, location: 2F
1-2: Ball
Bob Lambert is caught stealing 2nd base
Bottom of the 2nd over - 0 run(s), 0 hit(s), 0 error(s), 0 left on base; Phoenix 0 - Pennsauken 0
TOP OF THE 3RD
Phoenix Hotspur Reserves batting - Pitching for Pennsauken Flyers : RHP Alejandro Arteaga
Batting: RHB Javier González 0-0: Ball
1-0: Called Strike
1-1: Called Strike
1-2: Ball
2-2: Foul Ball, location: 2F
2-2: Strikes out swinging
Batting: RHB Hiwahikeiki Noelani 0-0: Called Strike
0-1: Called Strike
0-2: Foul Ball, location: 2F
0-2: Strikes out swinging
Batting: RHB Wilson Castillo 0-0: SINGLE (Line Drive, 8RS)
Batting: RHB Satoshi Terada 0-0: Ball
1-0: Fly out, F9 (Flyball, 89M)
Top of the 3rd over - 0 run(s), 1 hit(s), 0 error(s), 1 left on base; Phoenix 0 - Pennsauken 0
BOTTOM OF THE 3RD
Pennsauken Flyers batting - Pitching for Phoenix Hotspur Reserves : RHP Dylan Guérin
Batting: RHB Abdul-Fattah bin Najjar 0-0: Fly out, F8 (Flyball, 8RM)
Batting: RHB Clarence Therrien 0-0: Ball
1-0: Swinging Strike
1-1: Called Strike
1-2: Ball
2-2: Fly out, F7 (Flyball, 7LM)
Batting: LHB Vinski Prifti 0-0: Ball
1-0: Called Strike
1-1: DOUBLE (Groundball, 3L)
Batting: SHB Nuygen Vuong 0-0: Ground out 4-3 (Groundball, 4S)
Bottom of the 3rd over - 0 run(s), 1 hit(s), 0 error(s), 1 left on base; Phoenix 0 - Pennsauken 0
TOP OF THE 4TH
Phoenix Hotspur Reserves batting - Pitching for Pennsauken Flyers : RHP Alejandro Arteaga
Batting: RHB Jesús Mejía 0-0: Ball
1-0: Swinging Strike
1-1: Ball
2-1: Foul Ball, location: 2F
2-2: Foul Ball, location: 2F
2-2: Strikes out swinging
Batting: RHB Martín Martínez 0-0: Ball
1-0: Foul Ball, location: 2F
1-1: Ball
2-1: Ball
3-1: Ground out 5-3 (Groundball, 56S)
Batting: RHB Júlio Mateo 0-0: Ball
1-0: Foul Ball, location: 2F
1-1: Ball
2-1: Ball
3-1: Base on Balls
Batting: RHB Billy Strauss 0-0: Swinging Strike
0-1: Ball
1-1: Ball
2-1: Foul Ball, location: 2F
2-2: Strikes out swinging
Top of the 4th over - 0 run(s), 0 hit(s), 0 error(s), 1 left on base; Phoenix 0 - Pennsauken 0
BOTTOM OF THE 4TH
Pennsauken Flyers batting - Pitching for Phoenix Hotspur Reserves : RHP Dylan Guérin
Batting: RHB José Rodríguez 0-0: Ball
1-0: Fly out, F4 (Popup, 4D)
Batting: RHB Byron Isaacson 0-0: Foul Ball, location: 2F
0-1: Ground out 4-3 (Groundball, 4M)
Batting: RHB Dave Stockman 0-0: Ball
1-0: Fly out, F8 (Line Drive, 8RM)
Bottom of the 4th over - 0 run(s), 0 hit(s), 0 error(s), 0 left on base; Phoenix 0 - Pennsauken 0
TOP OF THE 5TH
Phoenix Hotspur Reserves batting - Pitching for Pennsauken Flyers : RHP Alejandro Arteaga
Batting: RHB Jesús Álvarez 0-0: SINGLE (Line Drive, 89S)
Batting: RHB Javier González 0-0: Ball
1-0: Bunt - Flyout! F1
Batting: RHB Hiwahikeiki Noelani 0-0: Ball
1-0: Ball
2-0: Grounds into double play, 6-4-3 (Groundball, 56)
Top of the 5th over - 0 run(s), 1 hit(s), 0 error(s), 0 left on base; Phoenix 0 - Pennsauken 0
BOTTOM OF THE 5TH
Pennsauken Flyers batting - Pitching for Phoenix Hotspur Reserves : RHP Dylan Guérin
Batting: SHB Bob Lambert 0-0: Ball
1-0: Swinging Strike
1-1: Ball
2-1: Ball
3-1: Base on Balls
Batting: LHB Tim Hargrove 0-0: Ball
1-0: Foul Ball, location: 2F
1-1: Swinging Strike
1-2: Ball
2-2: Foul Ball, location: 2F
2-2: SINGLE (Line Drive, 9S)
Bob Lambert to second
Batting: RHB Abdul-Fattah bin Najjar 0-0: Ball
1-0: Ball
2-0: Ball
3-0: Called Strike
3-1: Called Strike
3-2: Fly out, F4 (Popup, 34)
Batting: RHB Clarence Therrien 0-0: Ball
1-0: Ball
2-0: SINGLE (Line Drive, 89S)
Bob Lambert to third
Tim Hargrove to second
Runner from 3rd tries for Home, SAFE, no throw
Batting: LHB Vinski Prifti 0-0: Ball
1-0: SINGLE (Flyball, 4MD)
Tim Hargrove to third
Clarence Therrien to second
Runner from 3rd tries for Home, SAFE, throw made home
Clarence Therrien to third
Vinski Prifti to second
Batting: SHB Nuygen Vuong 0-0: Foul Ball, location: 2F
0-1: Foul Ball, location: 2F
0-2: Ground out U3 (Groundball, 3)
Batting: RHB José Rodríguez 0-0: Ball
1-0: Foul Ball, location: 2F
1-1: Ball
2-1: Ground out 1-3 (Groundball, 13)
Bottom of the 5th over - 2 run(s), 3 hit(s), 0 error(s), 2 left on base; Phoenix 0 - Pennsauken 2
TOP OF THE 6TH
Phoenix Hotspur Reserves batting - Pitching for Pennsauken Flyers : RHP Alejandro Arteaga
Batting: RHB Wilson Castillo 0-0: Swinging Strike
0-1: Ball
1-1: Fly out, F8 (Line Drive, 8RM)
Batting: RHB Satoshi Terada 0-0: SINGLE (Groundball, 6MD)
Batting: RHB Jesús Mejía 0-0: Ball
1-0: Ball
2-0: Foul Ball, location: 2F
2-1: Grounds into double play, 6-4-3 (Groundball, 6)
Top of the 6th over - 0 run(s), 1 hit(s), 0 error(s), 0 left on base; Phoenix 0 - Pennsauken 2
BOTTOM OF THE 6TH
Pennsauken Flyers batting - Pitching for Phoenix Hotspur Reserves : RHP Dylan Guérin
Batting: RHB Byron Isaacson 0-0: Called Strike
0-1: Ball
1-1: Foul Ball, location: 2F
1-2: Strikes out swinging
Batting: RHB Dave Stockman 0-0: Called Strike
0-1: Ball
1-1: Fly out, F9 (Flyball, 9S)
Batting: SHB Bob Lambert 0-0: Ground out 6-3 (Groundball, 6)
Bottom of the 6th over - 0 run(s), 0 hit(s), 0 error(s), 0 left on base; Phoenix 0 - Pennsauken 2
TOP OF THE 7TH
Phoenix Hotspur Reserves batting - Pitching for Pennsauken Flyers : RHP Alejandro Arteaga
Batting: RHB Martín Martínez 0-0: Ground out 6-3 (Groundball, 6)
Batting: RHB Júlio Mateo 0-0: Called Strike
0-1: Called Strike
0-2: Ball
1-2: Ball
2-2: Foul Ball, location: 2F
2-2: Foul Ball, location: 2F
2-2: Ball
3-2: Foul Ball, location: 2F
3-2: Strikes out swinging
Batting: RHB Billy Strauss 0-0: Called Strike
0-1: Ball
1-1: Ball
2-1: Ball
3-1: Base on Balls
Batting: RHB Jesús Álvarez 0-0: Called Strike
0-1: Ball
1-1: Ball
Billy Strauss steals 2nd base
2-1: Ball
3-1: Base on Balls
Pinch Hitting: SHB Roberto López 0-0: Ball
1-0: Called Strike
1-1: Foul Ball, location: 2F
1-2: Foul Ball, location: 2F
1-2: Strikes out swinging
Top of the 7th over - 0 run(s), 0 hit(s), 0 error(s), 2 left on base; Phoenix 0 - Pennsauken 2
BOTTOM OF THE 7TH
Pennsauken Flyers batting - Pitching for Phoenix Hotspur Reserves : RHP Dylan Guérin
Now in LF: Roberto López
Batting: LHB Tim Hargrove 0-0: Ball
1-0: Fly out, F6 (Popup, 6MD)
Batting: RHB Abdul-Fattah bin Najjar 0-0: Ball
1-0: Ball
2-0: Called Strike
2-1: Swinging Strike
2-2: Fly out, F9 (Flyball, 89M)
Batting: RHB Clarence Therrien 0-0: Called Strike
0-1: Ball
1-1: Ball
2-1: Ball
3-1: Called Strike
3-2: Foul Ball, location: 2F
3-2: Foul Ball, location: 2F
3-2: Foul Ball, location: 2F
3-2: Base on Balls
Pitching: LHP Ricardo Sánchez
Batting: LHB Vinski Prifti 0-0: SINGLE (Groundball, 25) (infield hit)
Clarence Therrien to second
Batting: SHB Nuygen Vuong 0-0: Foul Ball, location: 2F
0-1: Foul Ball, location: 2F
0-2: Ball
1-2: Foul Ball, location: 2F
1-2: Foul Ball, location: 2F
1-2: Foul Ball, location: 2F
1-2: Strikes out swinging
Bottom of the 7th over - 0 run(s), 1 hit(s), 0 error(s), 2 left on base; Phoenix 0 - Pennsauken 2
TOP OF THE 8TH
Phoenix Hotspur Reserves batting - Pitching for Pennsauken Flyers : RHP Alejandro Arteaga
Batting: RHB Hiwahikeiki Noelani 0-0: Called Strike
0-1: Ball
1-1: Ball
2-1: Foul Ball, location: 2F
2-2: Foul Ball, location: 2F
2-2: Ground out 5-3 (Groundball, 56)
Batting: RHB Wilson Castillo 0-0: Ball
1-0: Fly out, F9 (Flyball, 89M)
Batting: RHB Satoshi Terada 0-0: Ball
1-0: Fly out, F6 (Line Drive, 6)
Top of the 8th over - 0 run(s), 0 hit(s), 0 error(s), 0 left on base; Phoenix 0 - Pennsauken 2
BOTTOM OF THE 8TH
Pennsauken Flyers batting - Pitching for Phoenix Hotspur Reserves : LHP Ricardo Sánchez
Batting: RHB José Rodríguez 0-0: Ball
1-0: Ball
2-0: Ball
3-0: Called Strike
3-1: Base on Balls
Batting: RHB Byron Isaacson 0-0: Foul Ball, location: 2F
0-1: Foul Ball, location: 2F
0-2: Ball
1-2: Fly out, F6 (Popup, 6MD)
Batting: RHB Dave Stockman 0-0: Called Strike
0-1: Ball
1-1: Foul Ball, location: 2F
1-2: Ball
2-2: Fly out, F9 (Flyball, 9)
Batting: SHB Bob Lambert 0-0: Ball
1-0: Fly out, F6 (Line Drive, 6M)
Bottom of the 8th over - 0 run(s), 0 hit(s), 0 error(s), 1 left on base; Phoenix 0 - Pennsauken 2
TOP OF THE 9TH
Phoenix Hotspur Reserves batting - Pitching for Pennsauken Flyers : RHP Alejandro Arteaga
Pitching: LHP Yajirobei Otomo
Batting: RHB Jesús Mejía 0-0: Ball
1-0: Ball
2-0: Foul Ball, location: 2F
2-1: Ball
3-1: Base on Balls
Batting: RHB Martín Martínez 0-0: Fly out, F6 (Line Drive, 6)
Batting: RHB Júlio Mateo 0-0: SINGLE (Groundball, 6) (infield hit)
Jesús Mejía to second
Pinch Hitting: RHB Marc Meertens 0-0: Swinging Strike
0-1: Foul Ball, location: 2F
0-2: Ball
1-2: Fly out, F9 (Flyball, 9LS)
Batting: RHB Jesús Álvarez 0-0: Called Strike
0-1: Ground out U3 (Groundball, 3L)
Top of the 9th over - 0 run(s), 1 hit(s), 0 error(s), 2 left on base; Phoenix 0 - Pennsauken 2
Saturday, May 26th, 2018 - OOTP Baseball 17.12 Build 75